Map: Ulrena

Players

Amisently

  • Race: Zerg Zerg
  • League: Gold

SticklerMac - Winner!

  • Race: Zerg Zerg
  • League: Platinum

VOD

Have the link to the VOD?

Description

Time

  • Played on: Nov. 10, 2015, 12:34 p.m.
  • Length: 5:07
Show
View Real Time Build Order
Export as new Build Order

Amisently Zerg 

Build Orders: Pool First 

Get SALT Encoding   

  12  0:01  Drone  
  13  0:12  Overlord  
  13  0:17  Drone  
  14  0:31  Drone x2  
  14  0:35  Drone  
  17  0:40  Extractor  
  16  0:45  Drone  
  17  0:51  Spawning Pool  
  16  0:57  Drone  
  17  1:08  Drone  
  18  1:24  Hatchery  
  17  1:31  Drone x2  
  19  1:39  Queen  
  21  1:47  Metabolic Boost  
  21  1:50  Zergling x2  
  22  1:58  Overlord  
  22  2:17  Overlord  
  22  2:24  Drone x2  
  22  2:25  Evolution Chamber  
  23  2:35  Drone  
  24  2:42  Drone, Queen  
  27  2:47  Zergling x2  
  28  2:58  Drone x5  
  30  3:03  Zerg Ground Armor Level 1  
  32  3:08  Baneling Nest  
  31  3:25  Zergling x10  
  35  3:35  Zergling x2  
  35  3:36  Zergling x6  
  39  3:41  Lair  
  39  3:43  Zergling x2  
  40  3:52  Baneling x2  
  40  3:54  Queen  
  38  3:57  Zergling x6  
  38  4:03  Zergling x2  
  38  4:04  Zergling x2  
  40  4:14  Zergling x2  
  40  4:15  Zergling x4  
  43  4:21  Baneling x3  
  42  4:25  Zergling x2  
  42  4:28  Overlord x2  
  43  4:38  Drone  
  44  4:39  Extractor  
  44  4:40  Extractor  
  44  4:42  Overlord  
  44  4:45  Extractor  
  41  4:46  Drone x2  
Show
View Real Time Build Order
Export as new Build Order

SticklerMac Zerg - Winner!

Build Orders: Hatch First 

Get SALT Encoding   

  12  0:00  Drone  
  13  0:09  Drone  
  14  0:17  Overlord  
  14  0:35  Drone x3  
  17  0:49  Drone  
  18  0:59  Hatchery  
  18  1:04  Drone  
  18  1:07  Extractor  
  17  1:12  Drone  
  18  1:21  Spawning Pool  
  17  1:27  Drone  
  17  1:30  Drone  
  19  1:41  Overlord  
  19  1:52  Drone  
  20  2:07  Queen  
  22  2:11  Queen  
  22  2:13  Drone  
  22  2:14  Drone x2  
  27  2:22  Metabolic Boost  
  27  2:25  Drone x2  
  29  2:35  Zergling x4  
  30  2:50  Zergling x4  
  36  3:00  Zergling x4  
  36  3:06  Zergling x4  
  36  3:07  Baneling Nest  
  35  3:21  Zergling x2  
  35  3:24  Overlord  
  35  3:25  Overlord x2  
  36  3:38  Overlord x2  
  36  3:44  Zergling x2  
  36  3:45  Zergling x6  
  40  3:52  Zergling x2  
  38  3:57  Zergling x2  
  36  4:03  Zergling x2  
  37  4:20  Queen  
  37  4:22  Zergling x2, Baneling x5  
  37  4:23  Zergling x10  
  44  4:34  Zergling x8  
  46  4:45  Zergling x8  
Tags
 
Add a new tag
Caveats
  • Supply blocks, unpowered buildings, or Contaminate may cause inaccurate times.
  • Supply counts are checked every 10 seconds.